TOP OF THE 1ST |
Salt Lake City Buzz batting - Pitching for Alaskan Humpbacks : RHP Laurel Yanny
|
Pitching: RHP Laurel Yanny
|
|
Batting: LHB Orlando Casillas
|
0-0: Ball 1-0: Foul Ball, location: 2F 1-1: Ball 2-1: Fly out, F6 (Line Drive, 6)
|
Batting: RHB Yoichibei Chikafuji
|
0-0: SINGLE (Line Drive, 89M)
|
Batting: RHB Bill Chaundler
|
0-0: Foul Ball, location: 2F 0-1: Ball 1-1: Ball 2-1: Ball 3-1: Base on Balls Yoichibei Chikafuji to second
|
Batting: LHB Jackson Curry
|
0-0: Ball 1-0: Foul Ball, location: 2F 1-1: Foul Ball, location: 2F 1-2: Strikes out swinging
|
Batting: RHB Cooper Lowe
|
0-0: Ball 1-0: Swinging Strike 1-1: Swinging Strike 1-2: Ball 2-2: Ball 3-2: Foul Ball, location: 2F 3-2: Strikes out looking
|
Top of the 1st over - 0 runs, 1 hit, 0 errors, 2 left on base; Salt Lake City 0 - Alaskan 0 |
BOTTOM OF THE 1ST |
Alaskan Humpbacks batting - Pitching for Salt Lake City Buzz : RHP Paco Manuel
|
Pitching: RHP Paco Manuel
|
|
Batting: RHB Jesús Amador
|
0-0: Foul Ball, location: 2F 0-1: Fly out, F7 (Flyball, 7)
|
Batting: RHB Erik Sterk
|
0-0: Called Strike 0-1: Ball 1-1: Ball 2-1: Foul Ball, location: 2F 2-2: Fly out, F8 (Flyball, 8RD)
|
Batting: RHB Sigi Lang
|
0-0: DOUBLE (Line Drive, 7D)
|
Batting: RHB Jimbob Ghostkeeper
|
0-0: Swinging Strike 0-1: Ball 1-1: Foul Ball, location: 2F 1-2: Foul Ball, location: 2F 1-2: Ball 2-2: Ground out 6-3 (Groundball, 56)
|
Bottom of the 1st over - 0 runs, 1 hit, 0 errors, 1 left on base; Salt Lake City 0 - Alaskan 0 |
TOP OF THE 2ND |
Salt Lake City Buzz batting - Pitching for Alaskan Humpbacks : RHP Laurel Yanny
|
Batting: RHB Vicente Cruz
|
0-0: Swinging Strike 0-1: Swinging Strike 0-2: Strikes out looking
|
Batting: RHB Fontana Contaldo
|
0-0: Called Strike 0-1: Foul Ball, location: 2F 0-2: Strikes out swinging
|
Batting: RHB Olaf Esveld
|
0-0: Ball 1-0: Fly out, F6 (Line Drive, 6MD)
|
Top of the 2nd over - 0 runs, 0 hits, 0 errors, 0 left on base; Salt Lake City 0 - Alaskan 0 |
BOTTOM OF THE 2ND |
Alaskan Humpbacks batting - Pitching for Salt Lake City Buzz : RHP Paco Manuel
|
Batting: LHB Felipe Soto
|
0-0: Swinging Strike 0-1: Ball 1-1: Ball 2-1: Ball 3-1: Foul Ball, location: 2F 3-2: Strikes out swinging
|
Batting: SHB Jorge Barrios
|
0-0: Ball 1-0: Bunted foul 1-1: Ball 2-1: Foul Ball, location: 2F 2-2: Strikes out swinging
|
Batting: RHB Jon Moon
|
0-0: Called Strike 0-1: Fly out, F3 (Popup, 3S)
|
Bottom of the 2nd over - 0 runs, 0 hits, 0 errors, 0 left on base; Salt Lake City 0 - Alaskan 0 |
TOP OF THE 3RD |
Salt Lake City Buzz batting - Pitching for Alaskan Humpbacks : RHP Laurel Yanny
|
Batting: RHB Justin MacPherson
|
0-0: Ball 1-0: Ground out 5-3 (Groundball, 5)
|
Batting: LHB Orlando Casillas
|
0-0: Ball 1-0: Called Strike 1-1: Ball 2-1: Ball 3-1: Foul Ball, location: 2F 3-2: Ground out 1-3 (Groundball, P)
|
Batting: RHB Yoichibei Chikafuji
|
0-0: Fly out, F8 (Flyball, 8RD)
|
Top of the 3rd over - 0 runs, 0 hits, 0 errors, 0 left on base; Salt Lake City 0 - Alaskan 0 |
BOTTOM OF THE 3RD |
Alaskan Humpbacks batting - Pitching for Salt Lake City Buzz : RHP Paco Manuel
|
Batting: RHB Lee Suárez
|
0-0: Ball 1-0: Foul Ball, location: 2F 1-1: Foul Ball, location: 2F 1-2: Strikes out swinging
|
Batting: RHB Luis Oliva
|
0-0: Fly out, F3 (Popup, 3SF)
|
Batting: RHB Jesús Amador
|
0-0: Ground out 5-3 (Groundball, 56S)
|
Bottom of the 3rd over - 0 runs, 0 hits, 0 errors, 0 left on base; Salt Lake City 0 - Alaskan 0 |
TOP OF THE 4TH |
Salt Lake City Buzz batting - Pitching for Alaskan Humpbacks : RHP Laurel Yanny
|
Batting: RHB Bill Chaundler
|
0-0: Called Strike 0-1: Ball 1-1: Ball 2-1: Ball 3-1: Fly out, F7 (Flyball, 78S)
|
Batting: LHB Jackson Curry
|
0-0: SINGLE (Groundball, 34D)
|
Batting: RHB Cooper Lowe
|
0-0: Called Strike 0-1: Foul Ball, location: 2F 0-2: Ball 1-2: Ball 2-2: Ball 3-2: Fly out, F8 (Flyball, 8LS)
|
Batting: RHB Vicente Cruz
|
0-0: Ball 1-0: Called Strike 1-1: Ball 2-1: Ball 3-1: Called Strike 3-2: Fly out, F9 (Flyball, 9S)
|
Top of the 4th over - 0 runs, 1 hit, 0 errors, 1 left on base; Salt Lake City 0 - Alaskan 0 |
BOTTOM OF THE 4TH |
Alaskan Humpbacks batting - Pitching for Salt Lake City Buzz : RHP Paco Manuel
|
Batting: RHB Erik Sterk
|
0-0: Ball 1-0: Foul Ball, location: 2F 1-1: Ball 2-1: Swinging Strike 2-2: Strikes out looking
|
Batting: RHB Sigi Lang
|
0-0: Ground out 6-3 (Groundball, 6)
|
Batting: RHB Jimbob Ghostkeeper
|
0-0: Called Strike 0-1: Ball 1-1: DOUBLE (Flyball, 89XD)
|
Batting: LHB Felipe Soto
|
0-0: Ball 1-0: DOUBLE (Line Drive, 78D) Jimbob Ghostkeeper scores
|
Batting: SHB Jorge Barrios
|
0-0: Ball 1-0: Foul Ball, location: 2F 1-1: Ball 2-1: Ball 3-1: Foul Ball, location: 2F 3-2: Base on Balls
|
Batting: RHB Jon Moon
|
0-0: Called Strike 0-1: Ball 1-1: Ball 2-1: Fly out, F4 (Popup, 34D)
|
Bottom of the 4th over - 1 run, 2 hits, 0 errors, 2 left on base; Salt Lake City 0 - Alaskan 1 |
TOP OF THE 5TH |
Salt Lake City Buzz batting - Pitching for Alaskan Humpbacks : RHP Laurel Yanny
|
Batting: RHB Fontana Contaldo
|
0-0: Foul Ball, location: 2F 0-1: Ground out 5-3 (Groundball, 56)
|
Batting: RHB Olaf Esveld
|
0-0: Ball 1-0: Ball 2-0: Foul Ball, location: 2F 2-1: Swinging Strike 2-2: Foul Ball, location: 2F 2-2: Foul Ball, location: 2F 2-2: Ball 3-2: Foul Ball, location: 2F 3-2: SINGLE (Groundball, 56) (infield hit)
|
Batting: RHB Justin MacPherson
|
0-0: Ball 1-0: Foul Ball, location: 2F 1-1: Called Strike 1-2: Ball 2-2: Ball 3-2: Strikes out swinging
|
Batting: LHB Orlando Casillas
|
0-0: Called Strike 0-1: Foul Ball, location: 2F 0-2: Strikes out swinging
|
Top of the 5th over - 0 runs, 1 hit, 0 errors, 1 left on base; Salt Lake City 0 - Alaskan 1 |
BOTTOM OF THE 5TH |
Alaskan Humpbacks batting - Pitching for Salt Lake City Buzz : RHP Paco Manuel
|
Batting: RHB Lee Suárez
|
0-0: Ball 1-0: Swinging Strike 1-1: Ball 2-1: Ball 3-1: Foul Ball, location: 2F 3-2: Fly out, F7 (Line Drive, 7)
|
Batting: RHB Luis Oliva
|
0-0: Ball 1-0: Swinging Strike 1-1: Called Strike 1-2: Fly out, F7 (Line Drive, 7S)
|
Batting: RHB Jesús Amador
|
0-0: Called Strike 0-1: Ball 1-1: Ground out 6-3 (Groundball, 6D)
|
Bottom of the 5th over - 0 runs, 0 hits, 0 errors, 0 left on base; Salt Lake City 0 - Alaskan 1 |
TOP OF THE 6TH |
Salt Lake City Buzz batting - Pitching for Alaskan Humpbacks : RHP Laurel Yanny
|
Batting: RHB Yoichibei Chikafuji
|
0-0: Swinging Strike 0-1: Ground out 5-3 (Groundball, 56S)
|
Batting: RHB Bill Chaundler
|
0-0: Called Strike 0-1: Ball 1-1: Ball 2-1: Swinging Strike 2-2: Foul Ball, location: 2F 2-2: Foul Ball, location: 2F 2-2: Ball 3-2: Base on Balls
|
Pitching: RHP Mau Delgado
|
|
Batting: LHB Jackson Curry
|
0-0: Called Strike 0-1: Ball 1-1: Ball 2-1: Ball 3-1: Fly out, F9 (Flyball, 9LM)
|
Batting: RHB Cooper Lowe
|
0-0: Called Strike 0-1: Foul Ball, location: 2F 0-2: Strikes out looking
|
Top of the 6th over - 0 runs, 0 hits, 0 errors, 1 left on base; Salt Lake City 0 - Alaskan 1 |
BOTTOM OF THE 6TH |
Alaskan Humpbacks batting - Pitching for Salt Lake City Buzz : RHP Paco Manuel
|
Batting: RHB Erik Sterk
|
0-0: Called Strike 0-1: Foul Ball, location: 2F 0-2: Foul Ball, location: 2F 0-2: Ground out 5-3 (Groundball, 56)
|
Batting: RHB Sigi Lang
|
0-0: Hit by Pitch
|
Batting: RHB Jimbob Ghostkeeper
|
0-0: Ball 1-0: Grounds into double play, 6-4-3 (Groundball, 6)
|
Bottom of the 6th over - 0 runs, 0 hits, 0 errors, 0 left on base; Salt Lake City 0 - Alaskan 1 |
TOP OF THE 7TH |
Salt Lake City Buzz batting - Pitching for Alaskan Humpbacks : RHP Mau Delgado
|
Batting: RHB Vicente Cruz
|
0-0: Ball 1-0: Ball 2-0: Fly out, F3 (Line Drive, 3)
|
Batting: RHB Fontana Contaldo
|
0-0: Called Strike 0-1: Foul Ball, location: 2F 0-2: Strikes out looking
|
Batting: RHB Olaf Esveld
|
0-0: Ground out 5-3 (Groundball, 5L)
|
Top of the 7th over - 0 runs, 0 hits, 0 errors, 0 left on base; Salt Lake City 0 - Alaskan 1 |
BOTTOM OF THE 7TH |
Alaskan Humpbacks batting - Pitching for Salt Lake City Buzz : RHP Paco Manuel
|
Batting: LHB Felipe Soto
|
0-0: Called Strike 0-1: Foul Ball, location: 2F 0-2: Ball 1-2: Ball 2-2: SOLO HOME RUN (Flyball, 89XD), Distance : 425 ft
|
Batting: SHB Jorge Barrios
|
0-0: Ball 1-0: Ball 2-0: Ball 3-0: Called Strike 3-1: Foul Ball, location: 2F 3-2: Base on Balls
|
Pitching: RHP Hiroaki Nakagawa
|
|
Batting: RHB Jon Moon
|
0-0: Ball 1-0: Bunt - Flyout! F1
|
Batting: RHB Lee Suárez
|
0-0: Ball 1-0: Swinging Strike 1-1: Swinging Strike 1-2: Ball 2-2: Foul Ball, location: 2F 2-2: Ball 3-2: Foul Ball, location: 2F 3-2: SINGLE (Groundball, 3D) Jorge Barrios to second Runner from 2nd tries for 3rd, SAFE, no throw
|
Batting: RHB Luis Oliva
|
0-0: Ball 1-0: Ball 2-0: Called Strike 2-1: Foul Ball, location: 2F 2-2: Ball 3-2: Foul Ball, location: 2F 3-2: Base on Balls Lee Suárez to second
|
Pinch Hitting: LHB Dallas Ihde
|
0-0: Swinging Strike 0-1: Ball 1-1: Swinging Strike 1-2: Ball 2-2: Foul Ball, location: 2F 2-2: Ball 3-2: Foul Ball, location: 2F 3-2: Base on Balls Jorge Barrios scores Lee Suárez to third Luis Oliva to second
|
Batting: RHB Erik Sterk
|
0-0: Called Strike 0-1: Grounds into fielders choice 1-2 (Groundball, 15S) Luis Oliva to third Dallas Ihde to second
|
Batting: RHB Sigi Lang
|
0-0: Ball 1-0: Ball 2-0: GRAND SLAM HOME RUN (Flyball, 7LD), Distance : 362 ft
|
Batting: RHB Jimbob Ghostkeeper
|
0-0: Swinging Strike 0-1: Ball 1-1: Ball 2-1: Ball 3-1: Called Strike 3-2: SINGLE (Flyball, 4D)
|
Batting: LHB Felipe Soto
|
0-0: Ball 1-0: Ball 2-0: Called Strike 2-1: Swinging Strike 2-2: Ground out 6-3 (Groundball, 56)
|
Bottom of the 7th over - 6 runs, 4 hits, 0 errors, 1 left on base; Salt Lake City 0 - Alaskan 7 |
TOP OF THE 8TH |
Salt Lake City Buzz batting - Pitching for Alaskan Humpbacks : RHP Mau Delgado
|
Now in CF: Dallas Ihde
|
|
Batting: RHB Justin MacPherson
|
0-0: Foul Ball, location: 2F 0-1: Ground out 6-3 (Groundball, 6)
|
Batting: LHB Orlando Casillas
|
0-0: Ball 1-0: Called Strike 1-1: Called Strike 1-2: Foul Ball, location: 2F 1-2: Strikes out swinging
|
Batting: RHB Yoichibei Chikafuji
|
0-0: Ball 1-0: Foul Ball, location: 2F 1-1: Fly out, F8 (Flyball, 8RD)
|
Top of the 8th over - 0 runs, 0 hits, 0 errors, 0 left on base; Salt Lake City 0 - Alaskan 7 |
BOTTOM OF THE 8TH |
Alaskan Humpbacks batting - Pitching for Salt Lake City Buzz : RHP Hiroaki Nakagawa
|
Batting: SHB Jorge Barrios
|
0-0: Ball 1-0: Ball 2-0: Foul Ball, location: 2F 2-1: Fly out, F9 (Flyball, 9LMF)
|
Batting: RHB Jon Moon
|
0-0: Called Strike 0-1: Foul Ball, location: 2F 0-2: Ball 1-2: Ball 2-2: SINGLE (Groundball, 2L) (infield hit)
|
Batting: RHB Lee Suárez
|
0-0: Ball 1-0: Called Strike 1-1: Ball 2-1: Grounds into double play, 6-4-3 (Groundball, 56)
|
Bottom of the 8th over - 0 runs, 1 hit, 0 errors, 0 left on base; Salt Lake City 0 - Alaskan 7 |
TOP OF THE 9TH |
Salt Lake City Buzz batting - Pitching for Alaskan Humpbacks : RHP Mau Delgado
|
Batting: RHB Bill Chaundler
|
0-0: Swinging Strike 0-1: Called Strike 0-2: Ball 1-2: Strikes out swinging
|
Batting: LHB Jackson Curry
|
0-0: Ball 1-0: Foul Ball, location: 2F 1-1: Ground out 5-3 (Groundball, 5)
|
Batting: RHB Cooper Lowe
|
0-0: Ball 1-0: Swinging Strike 1-1: Ball 2-1: SINGLE (Flyball, 89S)
|
Batting: RHB Vicente Cruz
|
0-0: Foul Ball, location: 2F 0-1: Ball 1-1: Called Strike 1-2: Strikes out looking
|
Top of the 9th over - 0 runs, 1 hit, 0 errors, 1 left on base; Salt Lake City 0 - Alaskan 7 |
|